 Dungeon Crawl Stone Soup version 0.17-a0-125-g34d91a1 (webtiles) character file.

227 Ngotmuk the Covered (level 5, -1/49 HPs)
             Began as a Deep Dwarf Fighter on Mar 23, 2015.
             Slain by a phantom (5 damage)
             ... on level 4 of the Dungeon.
             The game lasted 00:10:38 (2076 turns).

Ngotmuk the Covered (Deep Dwarf Fighter)            Turns: 2076, Time: 00:10:38

Health: -1/49      AC:  9    Str: 24    XL:     5   Next: 70%
Magic:  5/5        EV:  9    Int:  8    God:
Gold:   283        SH: 10    Dex: 12    Spells: 0 memorised, 4 levels left

rFire  x . .     SeeInvis .     a - +0 flail
rCold  + . .     Clarity  .     b - +0 scale mail
rNeg   . . .     SustAb   .     c - +0 shield
rPois  .         Gourm    .     h - +0 helmet
rElec  .         Spirit   .     (no cloak)
rCorr  .         Warding  .     q - +0 pair of gloves
rMut   .         Stasis   .     (no boots)
MR     .....                    (no amulet)
Stlth  ..........               y - +3 ring of strength
                                t - ring of ice

@: non-regenerating, not resistant to hostile enchantments, extremely unstealthy
A: damage resistance, recharge devices, sense surroundings 1, slow healing 3
a: Device Recharging


You were on level 4 of the Dungeon.
You were not hungry.

You visited 1 branch of the dungeon, and saw 4 of its levels.

You collected 283 gold pieces.

Inventory:

Hand weapons
 a - a +0 flail (weapon)
Armour
 b - a +0 scale mail (worn)
 c - a +0 shield (worn)
 h - a +0 helmet (worn)
 q - a +0 pair of gloves (worn)
Jewellery
 t - a ring of ice (left hand)
 y - a +3 ring of strength (right hand)
Magical devices
 d - a wand of heal wounds (4)
Scrolls
 i - a scroll of enchant armour {unknown}
 n - a scroll of enchant weapon {unknown}
 o - 3 scrolls of remove curse {unknown}
 r - a scroll of fear {unknown}
 u - a scroll of fog {unknown}
 v - a scroll of identify {unknown}
 z - a scroll of magic mapping {unknown}
 A - a scroll of amnesia {unknown}
Potions
 e - a potion of might
 g - a potion of haste {unknown}
 k - 2 potions of curing {unknown}
 p - 2 potions of heal wounds {unknown}
 s - a potion of degeneration {unknown}
 w - a potion of invisibility {unknown}
 x - a potion of restore abilities {unknown}
 B - a potion of berserk rage {unknown}
Comestibles
 f - 2 bread rations
 j - a royal jelly
 l - a slice of pizza
 m - 2 meat rations


   Skills:
 + Level 3.6 Fighting
 + Level 3.2 Maces & Flails
 + Level 4.3 Armour
 + Level 2.5 Dodging
 + Level 4.1 Shields


You had 4 spell levels left.
You didn't know any spells.

Dungeon Overview and Level Annotations

Branches:
Dungeon (4/15)
 Temple: D:4-7

Altars:
Kikubaaqudgha
Nemelex Xobeh


Innate Abilities, Weirdness & Mutations

You are resistant to damage.
You can recharge devices by infusing magical energy.
You passively map a small area around you.
You do not heal naturally.


Message History

The worker ant bites you but does no damage.
The phantom blinks!
You sock the worker ant!
The worker ant is almost dead.
You block the worker ant's attack. x2
Your shield and scale mail prevent you from hitting the worker ant.
The worker ant is almost dead.
You block the phantom's attack. The worker ant barely misses you.
You sock the worker ant!
You kill the worker ant!
You block the phantom's attack. The phantom hits you.
You closely miss the phantom. You block the phantom's attack.
You hit the phantom.
The phantom is lightly damaged.
The phantom hits you.
* * * LOW HITPOINT WARNING * * *
You closely miss the phantom.
The phantom is lightly damaged.
The phantom closely misses you. The phantom hits you!
You die...

* ..♣* *..♣ ,** +*
####.♣, * , ,, #..#.♣
♣**,.* * , ,
#....♣♣.♣..... ,
#.<........... ,
##########..##.###...#*
+ ##...#....#†.# .# ,
#......).W@..#,.., ,
+......#.....+ ... *
##..##.###..## ..## #.
#.####+# *.a# * ..
,#......# ,... , * ..,,
,#......#, . * .
,#......# ,#..†...#
+..<...+ ,


You could see a phantom.

Vanquished Creatures
  A hound (D:3)
  An orc wizard (D:3)
  A worker ant (D:4)
  5 adders
  3 worms (D:3)
  3 giant geckos
  3 orcs (D:3)
  8 bats
  7 goblins
  9 hobgoblins
  2 quokkas (D:3)
  A ball python (D:3)
  5 giant cockroaches
  7 giant newts
  3 jackals (D:1)
  10 kobolds
  5 rats
  3 rat zombies (D:2)
77 creatures vanquished.

Notes
Turn   | Place    | Note
--------------------------------------------------------------
     0 | D:1      | Ngotmuk, the Deep Dwarf Fighter, began the quest for the Orb.
     0 | D:1      | Reached XP level 1. HP: 20/20 MP: 1/1
   102 | D:1      | Reached skill level 1 in Dodging
   102 | D:1      | Reached XP level 2. HP: 25/27 MP: 2/2
   768 | D:2      | Found a sparkling altar of Nemelex Xobeh.
   828 | D:2      | Reached XP level 3. HP: 26/33 MP: 3/3
  1151 | D:2      | Found an ancient bone altar of Kikubaaqudgha.
  1619 | D:3      | HP: 1/34 [worm (2)]
  1621 | D:3      | Reached XP level 4. HP: 1/42 MP: 4/4
  1762 | D:3      | Reached skill level 4 in Armour
  1942 | D:3      | Reached XP level 5. HP: 15/49 MP: 5/5
  2053 | D:4      | Noticed a phantom
  2076 | D:4      | Slain by a phantom

Action                   |  1- 3 |  4- 6 || total
-------------------------+-------+-------++-------
Melee: Flail             |   175 |   127 ||   302
Evoke: Wand              |       |     1 ||     1
  Use: Scroll            |     1 |       ||     1
  Eat: Fruit             |     3 |     2 ||     5
